General information
- name: BNet
- type: Ladder 1vs1/FFA
- host: Battle.net
- saver: DNK
map: EmeraldShores
- players: 4
- length: 32:01
- speed: Fast
- version: 1.21 W3XP
- replay type: Public
» download(125 KB)
Players
team 1 (loser)

»
Player 1 (
orange | 44 APM | 1096 actions | 24:56)
4 Death Knight
2 Death Coil
2 Unholy Aura
1 Lich
1 Frost Nova
1 Crypt Lord
1 Impale
» actions
| Assign group hotkey | 10 | |
| Basic commands | 1 | |
| Build / train | 64 | |
| Enter build submenu | 20 | |
| Enter hero's abilities submenu | 6 | |
| Give item / drop item | 2 | |
| Right click | 556 | |
| Select / deselect | 374 | |
| Select group hotkey | 8 | |
| Use ability | 55 | |
1096 total
» units
| Acolyte | 8 | |
| Ghoul | 6 | |
| Crypt Fiend | 6 | |
| Obsidian Statue | 6 | |
| Frost Wyrm | 5 | |
| Abomination | 7 | |
38 total
» upgrades
| Destroyer Form | 1 | |
| Freezing Breath | 1 | |
| Web | 1 | |
| Creature Attack | 1 | |
4 total
» buildings
| Crypt | 1 | |
| Graveyard | 1 | |
| Altar of Darkness | 1 | |
| Ziggurat | 9 | |
| Tomb of Relics | 1 | |
| Nerubian Tower | 1 | |
| Halls of the Dead | 1 | |
| Sacrificial Pit | 1 | |
| Slaughterhouse | 1 | |
| Black Citadel | 1 | |
| Boneyard | 1 | |
19 total
» build order
00:13 Crypt
00:14 Graveyard
00:48 Altar of Darkness
01:01 Ziggurat
01:30 Ziggurat
01:45 Tomb of Relics
02:36 Nerubian Tower
04:26 Ziggurat
05:41 Halls of the Dead
08:07 Ziggurat
08:13 Sacrificial Pit
08:16 Slaughterhouse
09:30 Ziggurat
09:41 Black Citadel
11:02 Ziggurat
13:07 Boneyard
14:42 Ziggurat
14:44 Ziggurat
21:34 Ziggurat
» items
| Rod of Necromancy | 3 | |
| Sacrificial Skull | 1 | |
| Scroll of Town Portal | 1 | |
| Orb of Corruption | 2 | |
7 total
team 2 (winner)

»
DNK (
green | 148 APM | 4730 actions | 32:01)
7 Death Knight
3 Death Coil
3 Unholy Aura
1 Animate Dead
6 Lich
3 Frost Nova
1 Frost Armor
1 Dark Ritual
1 Death and Decay
6 Dreadlord
3 Sleep
2 Vampiric Aura
1 Inferno
» actions
| Assign group hotkey | 19 | |
| Basic commands | 129 | |
| Build / train | 130 | |
| ESC pressed | 5 | |
| Enter build submenu | 46 | |
| Enter hero's abilities submenu | 20 | |
| Give item / drop item | 5 | |
| Right click | 1785 | |
| Select / deselect | 590 | |
| Select group hotkey | 1809 | |
| Use ability | 192 | |
4730 total
» units
| Acolyte | 30 | |
| Ghoul | 7 | |
| Crypt Fiend | 6 | |
| Obsidian Statue | 7 | |
| Abomination | 2 | |
| Gargoyle | 5 | |
| Frost Wyrm | 1 | |
58 total
» upgrades
| Creature Attack | 3 | |
| Burrow | 1 | |
| Web | 1 | |
| Creature Carapace | 3 | |
| Destroyer Form | 1 | |
| Unholy Armor | 3 | |
| Disease Cloud | 1 | |
| Freezing Breath | 1 | |
| Unholy Strength | 1 | |
15 total
» buildings
| Crypt | 2 | |
| Altar of Darkness | 2 | |
| Ziggurat | 15 | |
| Tomb of Relics | 1 | |
| Halls of the Dead | 2 | |
| Graveyard | 1 | |
| Nerubian Tower | 1 | |
| Spirit Tower | 5 | |
| Slaughterhouse | 1 | |
| Black Citadel | 3 | |
| Necropolis | 4 | |
| Sacrificial Pit | 1 | |
| Boneyard | 2 | |
40 total
» build order
00:08 Crypt
00:10 Altar of Darkness
00:12 Altar of Darkness
00:27 Ziggurat
01:02 Ziggurat
01:04 Ziggurat
01:24 Tomb of Relics
04:34 Halls of the Dead
04:34 Halls of the Dead
04:37 Graveyard
04:40 Ziggurat
04:46 Ziggurat
05:12 Crypt
05:50 Nerubian Tower
06:47 Spirit Tower
06:48 Spirit Tower
07:04 Ziggurat
07:17 Slaughterhouse
07:29 Black Citadel
07:29 Black Citadel
08:45 Spirit Tower
09:52 Necropolis
13:56 Necropolis
14:00 Ziggurat
14:22 Sacrificial Pit
16:15 Boneyard
16:20 Boneyard
16:33 Ziggurat
16:35 Ziggurat
16:36 Ziggurat
18:36 Spirit Tower
18:38 Ziggurat
18:39 Ziggurat
21:30 Ziggurat
21:34 Ziggurat
21:37 Ziggurat
23:51 Spirit Tower
26:40 Necropolis
26:59 Necropolis
» items
| Rod of Necromancy | 2 | |
| Dust of Appearance | 1 | |
| Boots of Speed | 2 | |
| Staff of Teleportation | 2 | |
| Scroll of Town Portal | 6 | |
| Orb of Corruption | 2 | |
| Potion of Healing | 2 | |
| Scroll of Healing | 5 | |
22 total
team 3 (loser)
Player 3 (
purple | 24 APM | 141 actions | 05:48)
1 Archmage
1 Blizzard
» actions
| Basic commands | 3 | |
| Build / train | 17 | |
| Enter build submenu | 10 | |
| Enter hero's abilities submenu | 1 | |
| Right click | 25 | |
| Select / deselect | 71 | |
| Use ability | 14 | |
141 total
» units
» buildings
| Scout Tower | 1 | |
| Farm | 3 | |
| Barracks | 1 | |
| Altar of Kings | 1 | |
| Lumber Mill | 1 | |
| Guard Tower | 1 | |
| Blacksmith | 1 | |
| Keep | 1 | |
10 total
» build order
00:20 Scout Tower
00:25 Farm
00:41 Barracks
00:56 Altar of Kings
01:09 Lumber Mill
02:22 Farm
02:25 Guard Tower
03:03 Farm
04:31 Blacksmith
04:45 Keep
team 4 (loser)
Player 4 (
yellow | 38 APM | 1232 actions | 32:00)
4 Mountain King
2 Storm Bolt
2 Bash
3 Paladin
1 Holy Light
1 Devotion Aura
1 Divine Shield
» actions
| Basic commands | 1 | |
| Build / train | 87 | |
| Enter build submenu | 28 | |
| Enter hero's abilities submenu | 7 | |
| Give item / drop item | 1 | |
| Remove unit from queue | 1 | |
| Right click | 630 | |
| Select / deselect | 401 | |
| Use ability | 74 | |
1232 total
» units
| Peasant | 13 | |
| Rifleman | 13 | |
| Priest | 14 | |
| Mortar Team | 7 | |
| Knight | 8 | |
| Sorceress | 2 | |
| Gryphon Rider | 3 | |
| Dragonhawk Rider | 3 | |
63 total
» buildings
| Altar of Kings | 1 | |
| Farm | 13 | |
| Barracks | 1 | |
| Lumber Mill | 1 | |
| Blacksmith | 1 | |
| Keep | 1 | |
| Arcane Vault | 1 | |
| Arcane Sanctum | 1 | |
| Workshop | 1 | |
| Castle | 1 | |
| Town Hall | 2 | |
| Guard Tower | 4 | |
| Gryphon Aviary | 1 | |
| Scout Tower | 5 | |
34 total
» build order
00:09 Altar of Kings
00:11 Farm
00:21 Barracks
01:16 Farm
01:32 Lumber Mill
02:05 Blacksmith
03:24 Farm
03:26 Keep
03:39 Arcane Vault
04:01 Farm
04:38 Farm
05:16 Farm
05:31 Farm
06:09 Arcane Sanctum
06:32 Workshop
07:27 Castle
08:31 Town Hall
08:53 Farm
09:52 Farm
11:17 Farm
12:19 Farm
12:49 Guard Tower
13:06 Farm
17:02 Town Hall
17:07 Farm
21:44 Gryphon Aviary
23:19 Scout Tower
23:19 Scout Tower
23:20 Scout Tower
23:21 Scout Tower
23:23 Scout Tower
24:12 Guard Tower
24:20 Guard Tower
27:37 Guard Tower
» items
| Scroll of Regeneration | 5 | |
| Ivory Tower | 2 | |
| Potion of Healing | 1 | |
8 total
Chat log
(00:44 / All) Player 4: D
(05:56 / All) Player 4: sum1 kill him?
(06:02 / All) Player 1: i did ^^
(06:09 / All) Player 4: gj
(06:15 / All) Player 1: ^^
(13:48 / All) Player 4: double teamers?
(19:49 / All) Player 4: double team seriously
(19:55 / All) DNK: cry more about it
(19:57 / All) DNK: life aint fair
(19:59 / All) DNK: also theres no way
(20:02 / All) Player 4: then stop being gay
(20:04 / All) DNK: no u
(20:07 / All) Player 4: and play fair
(20:18 / All) DNK: lol
(25:34 / All) Player 4: gay
(25:36 / All) Player 4: lagged
(25:39 / All) Player 4: and both heroes died
(26:03 / All) Player 4: gg
(26:06 / All) Player 4: but can u plz leave
(26:06 / All) DNK: gg
(26:07 / All) Player 4: i need wins
(26:15 / All) DNK: you need to stop whining
(26:19 / All) DNK: is what
(26:20 / All) Player 4: ok
(26:28 / All) Player 4: so will u give me the win?
(28:04 / All) Player 4: just come finish it
(28:13 / All) DNK: or you could leave
(28:17 / All) Player 4: nah
(28:20 / All) Player 4: i want u to leave
(28:22 / All) Player 4: so i can gain levels
(30:58 / All) Player 4: plz leave
(31:01 / All) Player 4: i need wins badly
(31:29 / All) Player 4: ill teach u how to make weird symbols
(31:30 / All) Player 4: ¤
(31:33 / All) DNK: alt
(31:33 / All) Player 4: ª
(31:35 / All) Player 4: §
(31:44 / All) Player 4: come on buddy
(31:45 / All) Player 4: i need wins
(31:50 / All) DNK: No; fuck you.